 Dungeon Crawl Stone Soup version 0.22-b1-21-g5cfc1688f2 (webtiles) character file.

158 humperndinck the Grasshopper (level 5, 0/45 HPs)
             Began as a Naga Warper on Aug 7, 2018.
             Slain by a hound (3 damage)
             ... on level 3 of the Dungeon.
             The game lasted 00:08:01 (4071 turns).

humperndinck the Grasshopper (Naga Warper)          Turns: 4071, Time: 00:08:02

Health: 0/45       AC:  4    Str: 14    XL:     5   Next: 39%
Magic:  0/8        EV:  9    Int: 14    God:
Gold:   122        SH:  0    Dex: 10    Spells: 2/9 levels left

rFire    . . .     SeeInvis +   a - +0 hand axe
rCold    . . .     Gourm    .   (no shield)
rNeg     . . .     Faith    .   b - +0 leather armour
rPois    +         Spirit   .   (no helmet)
rElec    .         Reflect  .   i - +0 cloak
rCorr    .         Harm     .   (no gloves)
MR       .....                  (no barding)
Stlth    ++........             (no amulet)
HPRegen  0.15/turn              (no ring)
MPRegen  0.11/turn              (no ring)

@: short of breath, shrouded, very slow
A: large, see invisible, deformed body, poison resistance, slowness 2, slow
metabolism 1, spit poison 1, AC +1
a: Spit Poison


You were on level 3 of the Dungeon.
You were very hungry.

You visited 1 branch of the dungeon, and saw 4 of its levels.

You collected 122 gold pieces.

Inventory:

Hand Weapons
 a - a +0 hand axe (weapon)
 m - a +0 blowgun
Missiles
 e - 5 tomahawks of dispersal (quivered)
 n - 17 poisoned needles
Armour
 b - a +0 leather armour (worn)
 i - a +0 cloak (worn)
Jewellery
 q - an uncursed amulet of harm {unknown}
Scrolls
 d - 3 scrolls of blinking
 g - a scroll of magic mapping
 l - a scroll of identify {unknown}
 o - a scroll of remove curse
Potions
 c - a potion of ambrosia {unknown}
 h - a potion of lignification {unknown}
 j - a potion of curing {unknown}
 k - a potion of flight {unknown}
Comestibles
 f - 8 rations
 p - a chunk of flesh


   Skills:
 - Level 2.0 Fighting
 * Level 3.3 Axes
 - Level 0.8 Throwing
 - Level 0.7 Armour
 + Level 2.2 Dodging
 + Level 2.9 Stealth
 + Level 2.6 Spellcasting
 + Level 1.3 Charms
 + Level 3.4 Translocations


You had 2 spell levels left.
You knew the following spells:

 Your Spells              Type           Power        Failure   Level  Hunger
a - Shroud of Golubria    Chrm/Tloc      #.........   16%         2    ###....
b - Blink                 Tloc           N/A          11%         2    ###....
c - Teleport Other        Tloc           ##......     21%         3    ###....

Your spell library contained the following spells:

 Spells                   Type           Power        Failure   Level  Hunger
 Passage of Golubria      Tloc           N/A          56%         4    #####..
 Gell's Gravitas          Tloc           ##........   21%         3    ###....
 Lesser Beckoning         Tloc           ##........   21%         3    ###....


Dungeon Overview and Level Annotations

Branches:
Dungeon (4/15)
 Temple: D:4-7

Altars:
Ashenzari
Elyvilon
Hepliaklqana
Zin


Innate Abilities, Weirdness & Mutations

You cannot wear boots.
Your serpentine skin is tough. (AC +1)
You have supernaturally acute eyesight. (SInv)
Armour fits poorly on your strangely shaped body.
Your system is resistant to poisons. (rPois)
You cover ground very slowly.
You have a slow metabolism.
You can spit poison.


Message History

The hound bites you.
* * * LOW HITPOINT WARNING * * *
Your shroud bends the hound's attack away.
You closely miss the hound.
The hound is lightly wounded.
The hound bites you.
* * * LOW HITPOINT WARNING * * *
The hound bites you but does no damage.
You barely miss the hound.
The hound is lightly wounded.
You have got your breath back.
The hound bites you.
* * * LOW HITPOINT WARNING * * *
The hound barely misses you.
Press: ? - help, Shift-Dir - straight line, f/p - hound
Aim: a hound The splash of poison misses the hound.
You are feeling very hungry.
The hound bites you.
You die...

######### #.......#
#.#####.#####
#.#.........#
#.#..##.#.#.#####
#.#....h@.......#
#.#>.##.#.#.##..#
#.#..##.#.#.#...## ###
#.......#(#......######..
###.........#............
#.##########.########..
#.# #.# ##. #.# #.# #..
#.# ##'## #.#


You could see a hound.

Vanquished Creatures
  7 adders
  An ooze (D:2)
  4 worms
  2 dart slugs
  2 leopard geckos
  6 bats
  4 giant cockroaches
  11 goblins
  8 hobgoblins
  6 jackals (D:2)
  10 kobolds
  7 frilled lizards
  5 rats
73 creatures vanquished.

Notes
Turn   | Place    | Note
-------+----------+-------------------------------------------
     0 | D:1      | humperndinck the Naga Warper began the quest for the Orb.
     0 | D:1      | Reached XP level 1. HP: 19/19 MP: 3/3
   167 | D:1      | Reached XP level 2. HP: 14/26 MP: 5/5
   319 | D:1      | Learned a level 2 spell: Shroud of Golubria
   322 | D:1      | Learned a level 2 spell: Blink
   452 | D:1      | Reached skill level 1 in Stealth
  1041 | D:1      | Reached XP level 3. HP: 25/32 MP: 3/6
  1139 | D:2      | Found a white marble altar of Elyvilon.
  1882 | D:2      | Reached XP level 4. HP: 24/39 MP: 3/7
  2093 | D:2      | Learned a level 3 spell: Teleport Other
  2101 | D:2      | Found a shattered altar of Ashenzari.
  2301 | D:2      | Reached skill level 1 in Charms
  2911 | D:3      | Found a glowing silver altar of Zin.
  2912 | D:3      | Found a hazy altar of Hepliaklqana.
  3292 | D:3      | Reached XP level 5. HP: 24/45 MP: 5/8
  4071 | D:3      | Slain by a hound

Skill      XL: |  1  2  3  4 |
---------------+-------------+-----
Stealth        | 1 2 |  2.9
Axes           | 3 |  3.3
Dodging        | 2 |  2.2
Charms         | 1 |  1.3
Fighting       | |  2.0
Throwing       | |  0.8
Armour         | |  0.7
Spellcasting   | |  2.6
Translocations | |  3.4

Action                   |  1- 3 |  4- 6 || total
-------------------------+-------+-------++-------
Melee: Hand axe          |   119 |   164 ||   283
 Cast: Shroud of Golubri |    13 |    14 ||    27
       Blink             |       |     3 ||     3
 Abil: Spit Poison       |     3 |    16 ||    19
  Use: Scroll            |       |     4 ||     4
 Stab: Sleeping          |     1 |     5 ||     6
  Eat: Chunk             |     3 |     7 ||    10
Armor: Leather armour    |    65 |    60 ||   125
Dodge: Dodged            |    91 |   123 ||   214
